 Dungeon Crawl Stone Soup version 0.29-a0-330-g52719c12eb (webtiles) character file.

Game seed: 15869839627298895598

5355 dohliylev the Grappler (level 10, 0/98 HPs)
             Began as a Troll Warper on May 30, 2022.
             Was a High Priest of Okawaru.
             Slain by an unseen horror (7 damage)
             ... on level 10 of the Dungeon.
             The game lasted 00:22:30 (8402 turns).

dohliylev the Grappler (Troll Warper)               Turns: 8402, Time: 00:22:30

Health: 0/98       AC: 10    Str: 25    XL:     10   Next: 38%
Magic:  10/12      EV: 11    Int:  9    God:    Okawaru [*****.]
Gold:   496        SH:  0    Dex:  9    Spells: 2/13 levels left

rFire   . . .      SeeInvis .     - Unarmed
rCold   + . .      Faith    +   (no shield)
rNeg    + . .      Spirit   .   o - +2 robe {rN+}
rPois   .          Reflect  .   (helmet restricted)
rElec   .          Harm     .   (no cloak)
rCorr   .          Rampage  .   (gloves unavailable)
Will    .....                   (boots unavailable)
Stlth   +.........              s - amulet of faith
HPRegen 1.06/turn               A - ring of protection from cold
MPRegen 0.13/turn               C - +4 ring of protection

@: about to teleport, on blink cooldown
A: large, unfitting armour, claws 3, regeneration 1, shaggy fur 1, tough skin 1
a: Renounce Religion, Heroism, Finesse, Duel


You were on level 10 of the Dungeon.
You worshipped Okawaru.
Okawaru was extremely pleased with you.
You visited 2 branches of the dungeon, and saw 11 of its levels.
You also visited: Sewer.

You collected 496 gold pieces.

Inventory:

Missiles
 c - 7 boomerangs of dispersal
 t - 4 boomerangs (quivered)
 u - a silver boomerang
 v - 5 javelins
Armour
 o - a +2 robe of positive energy (worn)
Jewellery
 f - a ring of wizardry
 s - an amulet of faith (around neck)
 A - a ring of protection from cold (left claw)
 C - a +4 ring of protection (right claw)
Wands
 i - a wand of acid (2)
 y - a wand of paralysis (7)
 D - a wand of polymorph (5)
Scrolls
 b - a scroll of holy word
 d - 5 scrolls of fear
 e - 2 scrolls of enchant weapon
 g - 5 scrolls of magic mapping
 j - 5 scrolls of teleportation
 k - 2 scrolls of amnesia
 n - 2 scrolls of fog
 z - 2 scrolls of blinking
 B - a scroll of enchant armour
Potions
 a - 2 potions of resistance {unknown}
 h - 8 potions of heal wounds {unknown}
 l - 4 potions of curing {unknown}
 m - 8 potions of degeneration {unknown}
 p - 2 potions of flight {unknown}
 q - 2 potions of haste {unknown}
 r - 5 potions of brilliance {unknown}
 w - a potion of might {unknown}
 x - a potion of invisibility {unknown}
 E - 3 potions of magic {unknown}
 F - a potion of lignification {unknown}


   Skills:
 * Level 6.0 Fighting
 + Level 2.8 Throwing
 * Level 7.3 Dodging
 + Level 9.7 Unarmed Combat
 - Level 2.0 Spellcasting
 + Level 3.7 Translocations


You had 2 spell levels left.
You knew the following spells:

 Your Spells              Type           Power      Damage    Failure   Level
a - Blink                 Tloc           14%        N/A       11%         2
b - Gell's Gravitas       Tloc           7%         N/A       22%         3
c - Lesser Beckoning      Tloc           7%         N/A       22%         3
d - Teleport Other        Tloc           7%         N/A       22%         3

Your spell library contained the following spells:

 Spells                   Type           Power      Damage    Failure   Level
 Manifold Assault         Tloc           7%         N/A       89%         5
 Orb of Destruction       Conj           0%         9d5       100%        7
 Summon Guardian Golem    Hex/Summ       Unusable   N/A       N/A         3
 Spellforged Servitor     Conj/Summ      Unusable   N/A       N/A         7

Dungeon Overview and Level Annotations

Branches:
Dungeon (10/15)            Temple (1/1) D:4            Lair (0/6) D:9
  Sewer (visited)
    Orc: D:9-12

Altars:
Ashenzari
Cheibriados
Dithmenos
Elyvilon
Fedhas
Gozag
Hepliaklqana
Kikubaaqudgha
Makhleb
Nemelex Xobeh
Okawaru
Qazlal
Ru
Sif Muna
Trog
Uskayaw
Vehumet
Wu Jian
Xom
Yredelemnul
Zin
The Shining One

Shops:
D:1 (

Portals:
Abyss: D:9

Annotations:
D:9 2 transporters, Anon1729's ghost, novice MiMo


Innate Abilities, Weirdness & Mutations

You are too large for most types of armour.
You have claws for hands.
Your natural rate of healing is unusually fast.
You are covered in fur. (AC +1)
You have tough skin. (AC +1)


Message History

Something hits you.
* * * LOW HITPOINT WARNING * * *
Something hits you.
* * * LOW HITPOINT WARNING * * *
Something hits you but does no damage. x2
Something hits you but does no damage. Something hits you but does no damage.
Something hits you but does no damage. Something hits you but does no damage.
Something hits you. Something hits you. Something hits you but does no damage.
You barely miss something. Something hits you. Something hits you!
* * * LOW HITPOINT WARNING * * *
Something hits you but does no damage. Something hits you!
* * * LOW HITPOINT WARNING * * *
Something hits you.
* * * LOW HITPOINT WARNING * * *
You scratch something. Something hits you.
* * * LOW HITPOINT WARNING * * *
Casting: Blink (safe; 11% risk of failure)
Confirm with . or Enter, or press ? or * to list all spells.
You blink.
As you read the scroll of teleportation, it crumbles to dust.
You feel strangely unstable.
A gnoll comes into view. It is wielding a +0 whip.
The gnoll shouts!
You hear a shout! x4
Something hits you but does no damage. Something completely misses you.
A gnoll comes into view. It is wielding a +0 flail.
A gnoll sergeant and 3 gnolls come into view.
The gnoll sergeant is wielding a +1 trident of venom.
A gnoll is wielding a +2 whip of flaming.
The gnoll sergeant shouts!
The gnoll shouts!
Something hits you.
* * * LOW HITPOINT WARNING * * *
Something hits you.
* * * LOW HITPOINT WARNING * * *
The gnoll barely misses you. Something hits you!
You die...

.... #..# ..# #..# g.#
#..# .g# #..# ..# #.<#
.g# #..# g.#
...##############gg#####
................@.......
......################..
......# ......# ......#
......# ......# ......#
........


You could see a gnoll sergeant and 5 gnolls.

Vanquished Creatures
  A boulder beetle (D:9)
  Psyche (D:8)
  Sigmund (D:3)
  A wyvern (D:9)
  A wraith (D:9)
  3 vampire mosquitoes (D:7)
  A steam dragon (D:8)
  3 water moccasins
  Duvessa (D:5)
  3 orc warriors (D:8)
  A sky beast (D:5)
  3 black bears
  A phantom (D:5)
  A centaur (D:9)
  An ogre (D:4)
  Blork the orc (D:5)
  4 bullfrogs
  A kobold brigand (D:8)
  A necrophage (D:6)
  A scorpion (D:4)
  Dowan (D:5)
  6 wights
  3 killer bees (D:8)
  5 howler monkeys
  5 hounds
  A gnoll shaman (D:6)
  8 orc priests
  An iron imp (D:4)
  Jessica (D:2)
  A hell rat (Sewer)
  4 orc wizards
  14 gnolls
  9 adders
  3 river rats (Sewer)
  2 white imps (D:7)
  An ufetubus (D:6)
  An adder zombie (D:3)
  6 dart slugs
  36 orcs
  11 ball pythons
  5 endoplasms
  5 giant cockroaches
  8 goblins
  10 hobgoblins
  11 kobolds
  6 quokkas
  A ball python zombie (D:3)
  7 bats
  4 frilled lizards
  A giant cockroach zombie (D:3)
  15 rats
223 creatures vanquished.

Vanquished Creatures (others)
  22 plants
22 creatures vanquished.

Grand Total: 245 creatures vanquished

Notes
Turn   | Place    | Note
-------+----------+-------------------------------------------
     0 | D:1      | dohliylev the Troll Warper began the quest for the Orb.
     0 | D:1      | Reached XP level 1. HP: 19/19 MP: 1/1
    31 | D:1      | Reached skill level 1 in Throwing
   107 | D:1      | Reached XP level 2. HP: 26/27 MP: 3/3
   113 | D:1      | Learned a level 2 spell: Blink
   299 | D:1      | Reached XP level 3. HP: 35/35 MP: 4/4
   311 | D:1      | Found Pecla's Weapon Shop.
  1059 | D:2      | Reached XP level 4. HP: 42/42 MP: 5/5
  1196 | D:2      | Reached skill level 3 in Unarmed Combat
  1306 | D:2      | Noticed Jessica
  1310 | D:2      | Killed Jessica
  1476 | D:2      | Reached XP level 5. HP: 42/49 MP: 6/6
  1541 | D:2      | Reached skill level 4 in Unarmed Combat
  1904 | D:3      | Noticed a black bear
  2269 | D:3      | Reached XP level 6. HP: 53/59 MP: 5/7
  2571 | D:3      | Noticed Sigmund
  2581 | D:3      | Killed Sigmund
  2582 | D:3      | Reached skill level 5 in Unarmed Combat
  2582 | D:3      | Reached XP level 7. HP: 56/67 MP: 8/8
  2617 | D:3      | Found a faded altar of an unknown god.
  2656 | D:3      | Found a basalt altar of Yredelemnul.
  3001 | D:3      | Found a shimmering altar of Xom.
  3054 | D:4      | Found a sacrificial altar of Ru.
  3109 | D:4      | Found a snail-covered altar of Cheibriados.
  3177 | D:4      | Found a hazy altar of Hepliaklqana.
  3194 | D:4      | Found a stormy altar of Qazlal.
  3356 | D:4      | Found a staircase to the Ecumenical Temple.
  3364 | Temple   | Entered the Ecumenical Temple
  3514 | Temple   | Became a worshipper of Warmaster Okawaru
  3990 | D:5      | Entered Level 5 of the Dungeon
  4004 | D:5      | Reached skill level 6 in Unarmed Combat
  4019 | D:5      | Learned a level 3 spell: Gell's Gravitas
  4023 | D:5      | Learned a level 3 spell: Lesser Beckoning
  4156 | D:5      | Reached XP level 8. HP: 78/78 MP: 9/9
  4478 | D:5      | Noticed Duvessa
  4478 | D:5      | Noticed Dowan
  4607 | D:5      | Reached * piety under Okawaru
  4614 | D:5      | Killed Duvessa
  4656 | D:5      | Killed Dowan
  4820 | D:5      | Noticed Blork the orc
  4827 | D:5      | Killed Blork the orc
  4828 | D:5      | Reached skill level 7 in Unarmed Combat
  5115 | D:6      | Reached skill level 5 in Dodging
  5116 | D:6      | Reached ** piety under Okawaru
  5180 | D:6      | Found a glowing drain.
  5184 | Sewer    | Entered a sewer
  5685 | D:6      | Reached XP level 9. HP: 84/85 MP: 11/11
  6175 | D:7      | Reached skill level 5 in Fighting
  6401 | D:7      | Reached skill level 8 in Unarmed Combat
  6406 | D:7      | Reached *** piety under Okawaru
  6780 | D:8      | Reached skill level 9 in Unarmed Combat
  6812 | D:8      | Reached **** piety under Okawaru
  6933 | D:8      | Learned a level 3 spell: Teleport Other
  6934 | D:8      | Noticed Psyche
  6942 | D:8      | Killed Psyche
  6943 | D:8      | Reached XP level 10. HP: 91/98 MP: 9/12
  7372 | D:9      | Found a staircase to the Lair.
  7393 | D:9      | Noticed a toenail golem
  7393 | D:9      | Noticed a wizard
  7398 | D:9      | Noticed a sixfirhy
  7401 | D:9      | Found a one-way gate to the infinite horrors of the Abyss.
  7401 | D:9      | Noticed Anon1729's ghost (novice MiMo)
  7401 | D:9      | Noticed a worldbinder
  7405 | D:9      | Noticed a great orb of eyes
  7503 | D:9      | Found a transporter.
  7970 | D:9      | Found a transporter.
  8171 | D:9      | Noticed a boulder beetle
  8196 | D:9      | Killed a boulder beetle
  8196 | D:9      | Reached ***** piety under Okawaru
  8298 | D:10     | Entered Level 10 of the Dungeon
  8402 | D:10     | Slain by an unseen horror

Illustrated notes

Levels and vault maps discovered:
D:1:      dpeg_arrival_pond, layout_basic, serial_shops,
          nicolae_shop_bloodbath_and_beyond, minmay_small_reverse_x
D:2:      wad_woods_settlement, layout_basic, minmay_close_crescents,
          uniq_jessica
D:3:      wad_lake_hut, layout_basic, nicolae_yredelemnul_corpse_copse, tgw_xom,
          hellmonk_ecumenical_altar_pennies_from_heaven, uniq_sigmund
D:4:      layout_loops_ring, slow_altar_1, mainiacjoe_overflow_alcove_2,
          mainiacjoe_overflow_chevrons, lemuel_crystal_altar,
          minmay_temple_entry_nine_rooms
D:5:      layout_basic, serial_rivers, chequers_serial_rivers_small_3,
          chequers_serial_rivers_room_a, chequers_serial_rivers_room_b,
          chequers_serial_rivers_room_a, chequers_serial_rivers_small_a,
          hangedman_glass_teeth, uniq_blork_the_orc, uniq_duvessa
D:6:      layout_loops_cross, portal_sewer_entry_e
D:7:      layout_rooms
D:8:      layout_cave_pools, uniq_psyche
D:9:      layout_basic, lair_entry_dummy, gammafunk_ghost_abyssal_escape,
          nzn_sisyphean_effort
D:10:     layout_long_grid, minmay_shattered_shrine
Temple:   regret_index_temple_sphere_string

Skill      XL: |  1  2  3  4  5  6  7  8  9 10 |
---------------+-------------------------------+-----
Dodging        | 2 3 4 5 6 7 |  7.3
Throwing       | 1 2 |  2.8
Fighting       | 2 3 4 5 6 |  6.0
Unarmed Combat | 3 4 5 6 7 9 |  9.7
Spellcasting   | 2 |  2.0
Translocations | 3 |  3.7

Action                   |  1- 3 |  4- 6 |  7- 9 | 10-12 || total
-------------------------+-------+-------+-------+-------++-------
Melee: Unarmed           |    94 |   111 |   375 |    51 ||   631
       Punch             |       |     4 |    17 |     4 ||    25
Throw: Boomerang         |       |       |    26 |    18 ||    44
 Cast: Blink             |     2 |     4 |    14 |     2 ||    22
       Gell's Gravitas   |       |       |     5 |       ||     5
  Use: Scroll            |       |       |     2 |    10 ||    12
 Stab: Sleeping          |     2 |     1 |       |       ||     3
Armor: Robe              |    28 |    32 |   141 |    54 ||   255
Dodge: Dodged            |    50 |    50 |   212 |    29 ||   341

Table legend: (Time is in decaauts)
 A = Elapsed time spent in this place.
 B = Non-inter-level travel time spent in this place.
 C = Inter-level travel time spent in this place.
 D = Time resting spent in this place.
 E = Time spent auto-exploring this place.
 F = Levels seen in this place.
 G = Mean time per level.
                   A        B        C        D        E       F      G
               +--------+--------+--------+--------+--------+-----+--------+
         Total |   8422 |   8124 |    298 |    785 |   5487 |  12 |  701.8 |
       Dungeon |   8142 |   7862 |    280 |    785 |   5297 |  10 |  814.2 |
        Temple |    163 |    145 |     18 |      0 |    130 |   1 |  163.0 |
         Sewer |    116 |    116 |      0 |      0 |     60 |   1 |  116.0 |
               +--------+--------+--------+--------+--------+-----+--------+

Top non-repeatable levels by time:
     D:3: 1164 daAuts
     D:2: 1080 daAuts
     D:5: 1054 daAuts
     D:6: 937 daAuts
     D:9: 928 daAuts
     D:1: 836 daAuts
     D:8: 825 daAuts
     D:4: 819 daAuts
     D:7: 395 daAuts
  Temple: 163 daAuts
   Sewer: 116 daAuts
    D:10: 103 daAuts
